 Dungeon Crawl Stone Soup version 0.32-a0-361-g289a535e89 (webtiles) character file.

Game seed: 3097709004584755134

89 Sobieck the Slasher (level 4, -9/34 HPs)
             Began as a Coglin Gladiator on Feb 18, 2024.
             Mangled by Sigmund
             ... wielding a +4 scythe of protection
              (12 damage)
             ... on level 3 of the Dungeon.
             The game lasted 00:04:38 (1525 turns).

Sobieck the Slasher (Coglin Gladiator)              Turns: 1525, Time: 00:04:38

Health: -9/34      AC:  4    Str: 15    XL:     4   Next: 55%
Magic:  13/13      EV: 13    Int:  7    God:
Gold:   67         SH:  0    Dex: 17    Spells: 3/3 levels left

rFire   . . .        a - +0 long sword {Si-Tayit}
rCold   . . .        p - +0 short sword {Suni}
rNeg    . . .        b - +0 leather armour
rPois   .            c - +0 helmet
rElec   .            (no cloak)
rCorr   .            (no gloves)
SInv    .            (no boots)
Will    .....        (no amulet)
Stlth   +            o - ring of magical power
HPRegen 0.25/turn    (no ring)
MPRegen 0.13/turn

%: no passive effects
@: hasted, revved, stiff-legged, very slow
A: off-hand wielding, slow wielding, warmup strikes, warmup strides
a: no special abilities


You were on level 3 of the Dungeon.
You visited 1 branch of the dungeon, and saw 3 of its levels.

You collected 89 gold pieces.
You spent 22 gold pieces at shops.

Inventory:

Hand Weapons
 a - a +0 long sword (weapon) {Si-Tayit}
 k - a +0 dagger {Xiuhtonal}
 p - a +0 short sword (worn) {Suni}
Missiles
 j - 28 stones
 v - a javelin (quivered)
 Z - 3 throwing nets
Armour
 b - a +0 leather armour (worn)
 c - a +0 helmet (worn)
Jewellery
 o - a ring of magical power (left grasper)
Talismans
 f - a flux talisman
Scrolls
 g - 2 scrolls of noise {unknown}
 h - a scroll of poison {unknown}
 l - a scroll of immolation {unknown}
 m - 2 scrolls of fear {unknown}
 n - a scroll of enchant armour {unknown}
 q - a scroll of revelation {unknown}
Potions
 e - a potion of might {unknown}
 i - a potion of magic


   Skills:
 + Level 2.8 Fighting
 + Level 3.6 Long Blades
 - Level 1.7 Throwing
 + Level 1.5 Armour
 + Level 3.3 Dodging


You had 3 spell levels left.
You didn't know any spells.
Your spell library contained the following spells:

 Spells                   Type           Power      Damage    Failure   Level
 Kiss of Death            Conj/Necr      0%         2d5       50%         1
 Magic Dart               Conj           0%         1d3       50%         1
 Searing Ray              Conj           0%         2d4       65%         2
 Confusing Touch          Hex            0%         N/A       86%         3
 Dispel Undead            Necr           0%         3d6       99%         4
 Fulminant Prism          Conj/Alch      0%         3d5       99%         4


Dungeon Overview and Level Annotations

Branches:
Dungeon (3/15)

Altars:

Shops:
D:2 !

Annotations:
D:3 Grinder, Sigmund


Innate Abilities, Weirdness & Mutations

You can wield a second weapon in your off-hand.
It takes a long time for you to wield or remove held weapons.
Your first few attacks do less damage.
Your first movements take longer.


Message History

Sigmund points at you and mumbles some strange words.
The puff of flame hits you.
Unknown command.
You see here a quokka corpse.
Sigmund points at you and mumbles some strange words.
The magic dart hits you.
You start resting.
Sigmund is nearby!
Danger!
Unknown command.
Sigmund misses you.
Sigmund hits you with a +4 scythe of protection!
* * * LOW HITPOINT WARNING * * *
Unknown command.
You hit Sigmund with your +0 long sword.
Sigmund is moderately wounded.
You hit Sigmund but do no damage.
You barely miss Sigmund with your +0 long sword.
Sigmund is moderately wounded.
You hit Sigmund but do no damage.
Sigmund gestures wildly while chanting.
Sigmund flickers and vanishes!
Deactivating autopickup; reactivate with Ctrl-A.
You slash something with your +0 long sword!
You miss something with your +0 short sword.
Something hits you!
* * * LOW HITPOINT WARNING * * *
You closely miss something with your +0 long sword.
You miss something with your +0 short sword.
Something barely misses you.
You miss something with your +0 long sword.
You hit something but do no damage.
Unknown command.
You hit something but do no damage.
You slash something with your +0 long sword!
Something hits you.
* * * LOW HITPOINT WARNING * * *
It was a potion of magic.
Magic courses through your body. Something barely misses you.
It was a potion of haste.
You feel yourself speed up.
You miss something with your +0 short sword.
You hit something but do no damage.
You hear some strange, mumbled words.
A puff of flame appears from out of thin air!
The puff of flame hits you!
* * * LOW HITPOINT WARNING * * *
You hit something but do no damage.
You barely miss something with your +0 short sword.
Something hits you!
You die...

##### #...# #...#
#..# #...# ..#
####...### #P.##
#>{).....# +.@.#
#@#..†.### #P..#
#.##...#.# #...#
#.####...#####...#
#.# ###@.........
#.# #.......###
#.# #....##.# #.#
#....##..# ##.###
########.# #....#
..


There were no monsters in sight!

Vanquished Creatures
  An adder (D:2)
  2 dart slugs
  A ribbon worm (D:2)
  4 ball pythons
  5 endoplasms
  A giant cockroach (D:1)
  6 goblins
  A hobgoblin (D:1)
  3 jackals (D:2)
  3 kobolds
  A quokka (D:3)
  5 bats
  3 frilled lizards
  4 rats (D:1)
40 creatures vanquished.

Notes
Turn   | Place    | Note
-------+----------+-------------------------------------------
     0 | D:1      | Sobieck the Coglin Gladiator began the quest for the Orb.
     0 | D:1      | Reached XP level 1. HP: 16/16 MP: 1/1
    25 | D:1      | Reached XP level 2. HP: 22/22 MP: 2/2
   262 | D:1      | Reached skill level 3 in Dodging
   262 | D:1      | Reached XP level 3. HP: 26/28 MP: 3/3
   264 | D:1      | Reached skill level 1 in Armour
   633 | D:2      | Found Wucih's Distillery.
   639 | D:2      | Bought 2 potions of degeneration for 22 gold pieces
   955 | D:2      | Reached XP level 4. HP: 33/34 MP: 4/4
  1340 | D:3      | Noticed Grinder
  1441 | D:3      | Found a faded altar of an unknown god.
  1495 | D:3      | Noticed Sigmund
  1525 | D:3      | Mangled by Sigmund

Illustrated notes

Levels and vault maps discovered:
D:1:      dpeg_arrival_pond, layout_basic
D:2:      layout_rooms, serial_shops, nicolae_shop_stone, nicolae_titane
D:3:      layout_basic, nicolae_qazlal_beasts_of_the_sky, gammafunk_ghost_smash,
          ebering_ecumenical_altar_abandoned, cheibrodos_gnoll_hut,
          uniq_grinder, uniq_sigmund, uniq_terence

Skill      XL: |  1  2  3 |
---------------+----------+-----
Dodging        | 3 |  3.3
Armour         | 1 |  1.5
Fighting       | |  2.8
Long Blades    | |  3.6
Throwing       | |  1.7

Action                     |  1- 3 |  4- 6 || total
---------------------------+-------+-------++-------
  Melee: Long sword        |    85 |    37 ||   122
         Short sword       |       |    24 ||    24
         Dagger            |       |    11 ||    11
    Use: Potion            |       |     2 ||     2
 Armour: Leather armour    |    72 |    21 ||    93
  Dodge: Dodged            |    86 |    23 ||   109

Table legend: (Time is in decaauts)
 A = Elapsed time spent in this place.
 B = Non-inter-level travel time spent in this place.
 C = Inter-level travel time spent in this place.
 D = Time resting spent in this place.
 E = Time spent auto-exploring this place.
 F = Levels seen in this place.
 G = Mean time per level.
                   A        B        C        D        E       F      G
               +--------+--------+--------+--------+--------+-----+--------+
         Total |   1632 |   1589 |     43 |     44 |   1145 |   3 |  544.0 |
       Dungeon |   1632 |   1589 |     43 |     44 |   1145 |   3 |  544.0 |
               +--------+--------+--------+--------+--------+-----+--------+

Top non-repeatable levels by time:
     D:2: 745 daAuts
     D:1: 698 daAuts
     D:3: 188 daAuts
